 Dungeon Crawl Stone Soup version 0.31-a0-222-gefeffbb62a (webtiles) character file.

Game seed: 258623118885517221

1558 qw the Cleaver (level 8, -3/49 HPs)
             Began as a Gargoyle Fighter on July 4, 2023.
             Was a Follower of Okawaru.
             Slain by a boulder beetle (11 damage)
             ... on level 8 of the Dungeon.
             The game lasted 00:03:05 (6902 turns).

qw the Cleaver (Gargoyle Fighter)                   Turns: 6902, Time: 00:03:06

Health: -3/49      AC: 24    Str: 22    XL:     8   Next: 88%
Magic:  10/11      EV: 10    Int:  9    God:    Okawaru [*.....]
Gold:   352        SH:  5    Dex:  9    Spells: 7/7 levels left

rFire   . . .        Y - +3 war axe
rCold   . . .        c - +0 buckler
rNeg    + . .        l - +0 chain mail
rPois   inf          (no helmet)
rElec   +            g - +0 cloak
rCorr   .            o - +1 pair of gloves
SInv    +            (no boots)
Will    .....        (no amulet) Stlth
                     a - ring of see invisible
HPRegen 0.28/turn    r - +4 ring of protection
MPRegen 0.12/turn

%: no passive effects
@: about to teleport, heroic
A: sickness immunity, AC +5, negative energy resistance 1, electricity
resistance, torment resistance 1, petrification resistance
a: Renounce Religion, Heroism


You were on level 8 of the Dungeon.
You worshipped Okawaru.
Okawaru was aware of your devotion.
You visited 2 branches of the dungeon, and saw 9 of its levels.
You also visited: Sewer.

You collected 442 gold pieces.
You spent 90 gold pieces at shops.


Innate Abilities, Weirdness & Mutations

You are immune to sickness and miasma.
Your stone body is resilient. (AC +5)
You are immune to poison.
You resist negative energy. (rN+)
You are resistant to electric shocks. (rElec)
You are resistant to unholy torment.
You are immune to petrification.


   Skills:
 + Level 5.1(10.1) Fighting
 - Level 8.0(13.0) Axes
 - Level 1.0(6.0) Throwing
 - Level 4.5(9.5) Armour
 - Level 1.3(6.3) Dodging
 - Level 3.2(8.2) Shields
 - Level 4.0 Invocations


You had 7 spell levels left.
You didn't know any spells.
Your spell library was empty.

Inventory:

Hand Weapons
 p - a +0 morningstar
 Y - a +3 war axe (weapon)
Armour
 c - a +0 buckler (worn)
 g - a +0 cloak (worn)
 l - a +0 chain mail (worn)
 o - a +1 pair of gloves (worn)
Jewellery
 a - a ring of see invisible (left hand)
 h - a ring of willpower
 r - a +4 ring of protection (right hand)
Scrolls
 i - 3 scrolls of teleportation
 m - a scroll of identify
Potions
 b - a potion of attraction
 d - 3 potions of might
 e - a potion of haste
 f - 3 potions of lignification
 j - 5 potions of enlightenment
 k - a potion of cancellation
 n - 2 potions of magic
 q - a potion of berserk rage {unknown}

Dungeon Overview and Level Annotations

Branches:
Dungeon (8/15)             Temple (1/1) D:4           Sewer (visited)
   Lair: D:8-11

Altars:
Ashenzari
Cheibriados
Elyvilon
Fedhas
Gozag
Hepliaklqana
Kikubaaqudgha
Makhleb
Nemelex Xobeh
Okawaru
Qazlal
Ru
Sif Muna
Trog
Uskayaw
Vehumet
Wu Jian
Xom
Yredelemnul
Zin
The Shining One

Shops:
D:3 [

Annotations:
D:5 1 runed translucent door, Crazy Yiuf


Message History

You slash the boulder beetle!
The boulder beetle is moderately wounded.
You hit the boulder beetle but do no damage.
The boulder beetle is moderately wounded.
The boulder beetle bites you!
You hit the boulder beetle but do no damage.
The boulder beetle is moderately wounded.
You feel like a meek peon again.
The boulder beetle bites you but does no damage.
6890 ||| INVOKING Heroism.
You gain the combat prowess of a mighty hero.
The boulder beetle misses you.
You slice the boulder beetle!!
The boulder beetle is severely wounded.
The boulder beetle bites you!
You hit the boulder beetle but do no damage.
The boulder beetle is severely wounded.
The boulder beetle bites you but does no damage.
You barely miss the boulder beetle.
The boulder beetle is severely wounded.
The boulder beetle bites you!
You hit the boulder beetle but do no damage.
The boulder beetle is severely wounded.
The boulder beetle leaps!
The boulder beetle curls into a ball and begins rolling!
You slash the boulder beetle!
The boulder beetle is severely wounded.
The boulder beetle hits you!
The boulder beetle stops rolling and uncurls.
6900 ||| READING 4 scrolls of teleportation.
As you read the scroll of teleportation, it crumbles to dust.
You feel strangely unstable. The boulder beetle bites you.
You hit the boulder beetle but do no damage.
The boulder beetle is severely wounded.
The boulder beetle misses you.
You slash the boulder beetle!
The boulder beetle is almost dead.
The boulder beetle bites you!
You die...

##..... ...........
#.......# .../.....
........# ...(....
........# ......
........# #....#
........# #....#
........# #.B..#
........#~.####.@..####.
........#~¤¤........$...
##......#~~¤~¤~~.%~~~~~~
###....########''######
###..........# #..# ....
#............###.##....#
..............##........
........................
..####..................


You could see a boulder beetle.

Vanquished Creatures
  A wyvern (D:8)
  A steam dragon (D:7)
  Pargi (D:3)
  2 sky beasts
  2 ogres
  2 phantoms
  A bullfrog (D:7)
  2 scorpions
  An orc priest (D:5)
  A sleepcap (D:6)
  2 hounds
  An iguana (D:5)
  3 orc wizards (D:5)
  A sickly merfolk siren (Sewer)
  A malarious merfolk avatar (Sewer)
  4 gnolls (D:4)
  8 adders
  A river rat (Sewer)
  A shadow imp (D:7)
  A white imp (D:7)
  An ufetubus (D:4)
  2 worms
  4 dart slugs
  8 orcs
  8 ball pythons
  3 bats
  6 endoplasms
  5 giant cockroaches
  6 hobgoblins
  5 quokkas
  9 frilled lizards
  9 goblins
  4 kobolds
  31 rats
138 creatures vanquished.

Notes
Turn   | Place    | Note
-------+----------+-------------------------------------------
     0 | D:1      | qw the Gargoyle Fighter began the quest for the Orb.
     0 | D:1      | Reached XP level 1. HP: 14/14 MP: 1/1
     0 | D:1      | 0 ||| qw: Version: 0.3-a-46-gb1f654a
     0 | D:1      | 0 ||| qw: Game counter: 970
     0 | D:1      | 0 ||| qw: Melee chars always use a shield: true
     0 | D:1      | 0 ||| qw: God list: Okawaru
     0 | D:1      | 0 ||| qw: Allow faded altars: false
     0 | D:1      | 0 ||| qw: Do Orc after clearing Dungeon:15 true
     0 | D:1      | 0 ||| qw: Do second Lair branch before Depths: true
     0 | D:1      | 0 ||| qw: Lair rune preference: random
     0 | D:1      | 0 ||| qw: Goals: Normal, Zot:1-4, Slime:5, God:TSO, Crypt,
                  | Tomb, Abyss, Pan, Hells, Win
     0 | D:1      | 0 ||| PLANNING D:1-11
    23 | D:1      | Reached skill level 2 in Axes
   137 | D:1      | 137 ||| Stepping ~*~*~tactically~*~*~ (hiding).
   145 | D:1      | Reached XP level 2. HP: 19/19 MP: 2/2
   247 | D:1      | 247 ||| Stepping ~*~*~tactically~*~*~ (stealth).
   285 | D:1      | Found a faded altar of an unknown god.
   458 | D:1      | 458 ||| FLEEEEING.
   459 | D:1      | 459 ||| FLEEEEING.
   460 | D:1      | 460 ||| FLEEEEING.
   461 | D:1      | 461 ||| FLEEEEING.
   462 | D:1      | 462 ||| FLEEEEING.
   463 | D:1      | 463 ||| FLEEEEING.
   497 | D:1      | 497 ||| Stepping ~*~*~tactically~*~*~ (hiding).
   498 | D:1      | 498 ||| Stepping ~*~*~tactically~*~*~ (hiding).
   499 | D:1      | 499 ||| Stepping ~*~*~tactically~*~*~ (hiding).
   501 | D:1      | 501 ||| Stepping ~*~*~tactically~*~*~ (hiding).
   502 | D:1      | 502 ||| Stepping ~*~*~tactically~*~*~ (hiding).
   510 | D:1      | Reached skill level 3 in Axes
   629 | D:1      | Reached XP level 3. HP: 23/23 MP: 3/3
   731 | D:1      | 731 ||| DROPPING amulet of magic regeneration.
   732 | D:1      | 732 ||| READING scroll labelled IKHLETWYBUDY.
   833 | D:1      | 833 ||| READING scroll labelled BYVUUS TAREQIH.
  1082 | D:2      | Reached skill level 1 in Throwing
  1265 | D:2      | 1265 ||| DROPPING +0 whip.
  1369 | D:2      | 1369 ||| Stepping ~*~*~tactically~*~*~ (hiding).
  1370 | D:2      | 1370 ||| Stepping ~*~*~tactically~*~*~ (hiding).
  1371 | D:2      | 1371 ||| Stepping ~*~*~tactically~*~*~ (hiding).
  1372 | D:2      | 1372 ||| Stepping ~*~*~tactically~*~*~ (hiding).
  1375 | D:2      | 1375 ||| Stepping ~*~*~tactically~*~*~ (hiding).
  1757 | D:2      | 1757 ||| READING scroll labelled PUISIM FEOLOVA.
  1758 | D:2      | 1758 ||| READING scroll labelled BAUTZECALOS.
  1759 | D:2      | 1759 ||| DRINKING 2 yellow potions.
  1760 | D:2      | 1760 ||| DRINKING 2 fuming cyan potions.
  1761 | D:2      | 1761 ||| DRINKING 2 amethyst potions.
  1849 | D:3      | Found Faakh's Antique Armour Shoppe.
  1855 | D:3      | 1855 ||| BUYING cloak (90 gold).
  1855 | D:3      | Bought a cloak for 90 gold pieces
  1855 | D:3      | 1855 ||| SHOPLISTING glowing hat (140 gold, have 10).
  1855 | D:3      | 1855 ||| SHOPLISTING helmet (90 gold, have 10).
  1855 | D:3      | 1855 ||| SHOPLISTING masterwork scarf (200 gold, have 10).
  1855 | D:3      | 1855 ||| SHOPLISTING plate armour (460 gold, have 10).
  1855 | D:3      | 1855 ||| SHOPLISTING shiny storm dragon scales (1660 gold,
                  | have 10).
  1881 | D:3      | 1881 ||| Stepping ~*~*~tactically~*~*~ (hiding).
  2039 | D:3      | 2039 ||| Stepping ~*~*~tactically~*~*~ (hiding).
  2173 | D:3      | Reached XP level 4. HP: 25/28 MP: 4/4
  2437 | D:3      | Noticed Pargi
  2453 | D:3      | HP: 7/28 [Pargi (3)]
  2460 | D:3      | HP: 7/28 [Pargi (2)]
  2462 | D:3      | Killed Pargi
  2463 | D:3      | Reached skill level 4 in Axes
  2463 | D:3      | Reached XP level 5. HP: 9/32 MP: 5/5
  2883 | D:3      | 2883 ||| UPGRADING to +0 cloak.
  2888 | D:3      | 2888 ||| UPGRADING to +0 chain mail.
  2898 | D:3      | 2898 ||| DROPPING +0 scale mail.
  2899 | D:3      | 2899 ||| UPGRADING to ring of see invisible.
  2900 | D:3      | 2900 ||| UPGRADING to +4 ring of protection.
  2901 | D:3      | 2901 ||| READING scroll labelled FACEIT YFUACE.
  2902 | D:3      | 2902 ||| READING scroll labelled LIEK CANALOME.
  2903 | D:3      | 2903 ||| READING scroll labelled EXZOHE DEISM.
  2904 | D:3      | 2904 ||| READING 4 scrolls of identify.
  2904 | D:3      | 2904 ||| IDENTIFYING fizzy white potion
  2905 | D:3      | 2905 ||| READING 3 scrolls of identify.
  2905 | D:3      | 2905 ||| IDENTIFYING fizzy red potion
  2906 | D:3      | 2906 ||| READING 2 scrolls of identify.
  2906 | D:3      | 2906 ||| IDENTIFYING viscous amethyst potion
  2907 | D:3      | 2907 ||| DROPPING potion of invisibility.
  2968 | D:4      | Reached skill level 5 in Axes
  3047 | D:4      | 3047 ||| READING scroll of enchant weapon.
  3047 | D:4      | 3047 ||| ENCHANTING +1 war axe.
  3087 | D:4      | Found a stormy altar of Qazlal.
  3113 | D:4      | 3113 ||| READING scroll of enchant weapon.
  3113 | D:4      | 3113 ||| ENCHANTING +2 war axe.
  3134 | D:4      | Reached XP level 6. HP: 38/38 MP: 6/6
  3169 | D:4      | 3169 ||| Stepping ~*~*~tactically~*~*~ (stealth).
  3257 | D:4      | Found a staircase to the Ecumenical Temple.
  3258 | D:4      | 3258 ||| PLANNING TEMPLE
  3266 | Temple   | Entered the Ecumenical Temple
  3267 | Temple   | 3267 ||| PLANNING OKAWARU WORSHIP
  3597 | Temple   | Became a worshipper of Warmaster Okawaru
  3598 | Temple   | 3598 ||| PLANNING D:1-11
  3883 | D:5      | Entered Level 5 of the Dungeon
  3918 | D:5      | 3918 ||| DROPPING +0 mace.
  3936 | D:5      | 3936 ||| Stepping ~*~*~tactically~*~*~ (hiding).
  3939 | D:5      | 3939 ||| Stepping ~*~*~tactically~*~*~ (hiding).
  3950 | D:5      | Reached skill level 6 in Axes
  3988 | D:5      | 3988 ||| DROPPING +3 mace.
  3998 | D:5      | Reached skill level 1 in Dodging
  3998 | D:5      | Reached XP level 7. HP: 43/43 MP: 7/7
  3998 | D:5      | 3998 ||| DROPPING +0 flail.
  4078 | D:5      | Reached * piety under Okawaru
  4114 | D:5      | Found a runed translucent door.
  4115 | D:5      | Noticed Crazy Yiuf
  4178 | D:5      | 4178 ||| Stepping ~*~*~tactically~*~*~ (stealth).
  4182 | D:5      | 4182 ||| Stepping ~*~*~tactically~*~*~ (hiding).
  4183 | D:5      | 4183 ||| Stepping ~*~*~tactically~*~*~ (hiding).
  4188 | D:5      | Reached skill level 1 in Invocations
  4593 | D:5      | 4593 ||| DROPPING ring of magical power.
  4594 | D:5      | 4594 ||| READING scroll labelled HOAM XAYMEAMON.
  4595 | D:5      | 4595 ||| READING 2 scrolls labelled JAJYNEFRYL.
  4596 | D:5      | 4596 ||| READING scroll labelled COSAS DAOZOLA.
  4600 | D:5      | 4600 ||| DROPPING scroll of amnesia.
  4627 | D:6      | 4627 ||| PLANNING SEWER
  4661 | D:6      | Found a glowing drain.
  4672 | Sewer    | Entered a sewer
  4674 | Sewer    | 4674 ||| Stepping ~*~*~tactically~*~*~ (water).
  4679 | Sewer    | 4679 ||| Stepping ~*~*~tactically~*~*~ (water).
  4795 | Sewer    | 4795 ||| Stepping ~*~*~tactically~*~*~ (water).
  4797 | Sewer    | 4797 ||| Stepping ~*~*~tactically~*~*~ (water).
  4832 | Sewer    | 4832 ||| Stepping ~*~*~tactically~*~*~ (water).
  4835 | Sewer    | 4835 ||| Stepping ~*~*~tactically~*~*~ (stealth).
  4882 | Sewer    | 4882 ||| Stepping ~*~*~tactically~*~*~ (water).
  4885 | Sewer    | 4885 ||| Stepping ~*~*~tactically~*~*~ (water).
  4967 | Sewer    | 4967 ||| READING scroll labelled MAC SIRGHYNGEOL.
  4991 | D:6      | 4991 ||| PLANNING D:1-11
  5057 | D:6      | Reached skill level 3 in Invocations
  5211 | D:6      | Reached skill level 7 in Axes
  5211 | D:6      | Reached XP level 8. HP: 48/48 MP: 10/10
  5227 | D:6      | 5227 ||| INVOKING Heroism.
  5703 | D:6      | 5703 ||| UPGRADING to +1 pair of gloves.
  5708 | D:6      | 5708 ||| READING 2 scrolls of identify.
  5708 | D:6      | 5708 ||| IDENTIFYING fizzy emerald potion
  5780 | D:7      | Found a glowing golden altar of the Shining One.
  6148 | D:7      | 6148 ||| Stepping ~*~*~tactically~*~*~ (hiding).
  6153 | D:7      | Found a flagged portal.
  6156 | D:7      | 6156 ||| Stepping ~*~*~tactically~*~*~ (hiding).
  6163 | D:7      | 6163 ||| Stepping ~*~*~tactically~*~*~ (hiding).
  6303 | D:7      | 6303 ||| Stepping ~*~*~tactically~*~*~ (hiding).
  6306 | D:7      | 6306 ||| INVOKING Heroism.
  6820 | D:8      | Noticed a wyvern
  6822 | D:8      | Noticed a boulder beetle
  6823 | D:8      | 6823 ||| INVOKING Heroism.
  6834 | D:8      | Reached skill level 8 in Axes
  6836 | D:8      | Killed a wyvern
  6839 | D:8      | 6839 ||| INVOKING Heroism.
  6862 | D:8      | 6862 ||| INVOKING Heroism.
  6890 | D:8      | 6890 ||| INVOKING Heroism.
  6899 | D:8      | HP: 11/49 [boulder beetle (7)]
  6900 | D:8      | 6900 ||| READING 4 scrolls of teleportation.
  6902 | D:8      | Slain by a boulder beetle

Levels and vault maps discovered:
D:1:      amcnicky_arrival_single_pillar, layout_rooms,
          dreamdust_ecumenical_altar_statues, feat_on_display
D:2:      layout_basic, dk_noncrumbling_2
D:3:      layout_basic, serial_shops, shop, uniq_pargi
D:4:      layout_basic, mainiacjoe_overflow_paths, temple_fountains,
          kennysheep_generic_room_2
D:5:      minmay_general_purpose_star, layout_rooms, uniq_crazy_yiuf_cottage
D:6:      layout_loops_ring, cheibrodos_sewer_entry_drain
D:7:      layout_loops_corners, tso_metal_star, enter_bailey_3
D:8:      layout_layer_cave, kennysheep_dice
Temple:   compressed_dpeg_triangle_lava_temple

Skill      XL: |  1  2  3  4  5  6  7  8 |
---------------+-------------------------+-----
Axes           | 2 3 4 5 6 7 8 |  8.0
Throwing       | 1 |  1.0
Fighting       | 4 5 |  5.1
Dodging        | 1 |  1.3
Invocations    | 3 4 |  4.0
Armour         | 4 |  4.5
Shields        | |  3.2

Action                     |  1- 3 |  4- 6 |  7- 9 || total
---------------------------+-------+-------+-------++-------
  Melee: War axe           |    85 |    81 |   147 ||   313
  Throw: Javelin           |    29 |    15 |       ||    44
         Boomerang         |     2 |    26 |    82 ||   110
 Invoke: Heroism           |       |       |     6 ||     6
    Use: Scroll            |     4 |     8 |     6 ||    18
         Potion            |     3 |       |       ||     3
 Armour: Scale mail        |    44 |    40 |       ||    84
         Chain mail        |       |    42 |    89 ||   131
  Dodge: Dodged            |    44 |    49 |    55 ||   148
  Block: Buckler           |    15 |    23 |    25 ||    63

Table legend:
 A = Non-vault XP
 B = Vault XP
 C = Vault XP percentage of total XP
 D = Non-vault monster count
 E = Vault monster count
 F = Vault count percentage of total count
                 A         B        C        D         E       F
            +---------+---------+-------+---------+---------+-------
      Total |    1556 |     670 |  30.1 |      86 |      52 |  37.7
            +---------+---------+-------+---------+---------+-------
        D:1 |      34 |       0 |   0.0 |      19 |       0 |   0.0
        D:2 |      23 |       0 |   0.0 |      13 |       0 |   0.0
        D:3 |      56 |     132 |  70.2 |      15 |       1 |   6.2
        D:4 |      90 |      11 |  10.9 |      11 |       2 |  15.4
        D:5 |     543 |      35 |   6.1 |      18 |       1 |   5.3
        D:6 |     282 |       2 |   0.7 |       4 |       2 |  33.3
        D:7 |     528 |       8 |   1.5 |       6 |       4 |  40.0
        D:8 |       0 |     339 | 100.0 |       0 |       2 | 100.0
      Sewer |       0 |     143 | 100.0 |       0 |      40 | 100.0
            +---------+---------+-------+---------+---------+-------
